 Dungeon Crawl Stone Soup version 0.24.1-11-gbbbb2193e6 (webtiles) character file.

Game seed: 5858092678342910288, levelgen mode: deterministic

109 Mrkan the Shield-Bearer (level 4, -1/42 HPs)
             Began as a Deep Dwarf Fighter on May 15, 2020.
             Was a Follower of Elyvilon.
             Slain by a crocodile (13 damage)
             ... in a sewer.
             The game lasted 00:03:01 (1087 turns).

Mrkan the Shield-Bearer (Deep Dwarf Fighter)        Turns: 1087, Time: 00:03:02

Health: -1/42      AC:  8    Str: 21    XL:     4   Next: 60%
Magic:  4/4        EV:  7    Int:  8    God:    Elyvilon [*.....]
Gold:   17         SH:  9    Dex: 12    Spells: 3/3 levels left

rFire    . . .     SeeInvis .   a - +0 war axe
rCold    . . .     Gourm    .   c - +0 shield
rNeg     . . .     Faith    .   b - +0 scale mail
rPois    .         Spirit   .   (no helmet)
rElec    .         Reflect  .   l - scarf {cloud immunity}
rCorr    .         Harm     .   e - +0 pair of gloves
MR       .....                  (no boots)
Stlth    ..........             (no amulet)
HPRegen  0.00/turn              (no ring)
MPRegen  0.09/turn              (no ring)

@: non-regenerating
A: damage resistance, heal wounds, sense surroundings 1, no regeneration
a: Heal Wounds, Lesser Healing, Divine Protection, Renounce Religion


You were in a sewer.
You worshipped Elyvilon.
Elyvilon was aware of your devotion.
You were not hungry.

You visited 1 branch of the dungeon, and saw 3 of its levels.
You also visited: Sewer.

You collected 17 gold pieces.

Inventory:

Hand Weapons
 a - a +0 war axe (weapon)
Armour
 b - a +0 scale mail (worn)
 c - a +0 shield (worn)
 e - a +0 pair of gloves (worn)
 l - a scarf of cloud immunity (worn)
Scrolls
 g - a scroll of magic mapping {unknown}
 i - a scroll of remove curse {unknown}
 j - a scroll of identify {unknown}
 m - a scroll of enchant armour {unknown}
Potions
 d - a potion of might
 h - a potion of flight {unknown}
 k - 2 potions of invisibility {unknown}
 o - a potion of mutation {unknown}
Comestibles
 f - 3 rations


   Skills:
 + Level 3.2 Fighting
 * Level 3.7 Axes
 + Level 3.9 Armour
 + Level 4.0 Shields


You had 3 spell levels left.
You didn't know any spells.
Your spell library was empty.

Dungeon Overview and Level Annotations

Branches:
Dungeon (3/15)              Sewer (1/1)

Altars:
Elyvilon

Annotations:
D:3 1 runed translucent door, Crazy Yiuf


Innate Abilities, Weirdness & Mutations

You are resistant to damage.
You can heal yourself by infusing magical energy.
You passively map a small area around you.
You do not regenerate.


Message History

You slash the crocodile!
The crocodile is moderately wounded.
The crocodile bites you but does no damage.
You hit the crocodile but do no damage.
The crocodile is moderately wounded.
The crocodile bites you. The crocodile bites you!
Your shield and scale mail prevent you from hitting the crocodile.
The crocodile is moderately wounded.
The crocodile bites you!
* * * LOW HITPOINT WARNING * * *
You barely miss the crocodile.
The crocodile is moderately wounded.
You block the crocodile's attack.
You hit the crocodile.
The crocodile is heavily wounded.
The crocodile closely misses you. The crocodile bites you.
You closely miss the crocodile.
The crocodile is moderately wounded.
The crocodile bites you!
You die...

* ### ## ##,
,.≈.## #?? ###..
,≈..≈.### [.##≈..
**#≈.≈..###
###..≈≈.* *
#≈..≈.## #.≈≈≈.≈##
##.≈≈.≈. #.≈.≈≈###
###≈≈.≈.##
#t@...####.....###
*###......≈.≈.###
###.≈....###
########


You could see a crocodile.

Vanquished Creatures
  2 orc wizards (D:3)
  An adder (D:2)
  4 leopard geckos (D:3)
  2 orcs (D:3)
  A ball python (D:1)
  5 giant cockroaches
  2 goblins
  4 hobgoblins
  10 jackals
  3 bats
  4 frilled lizards (D:2)
  3 kobolds (Sewer)
41 creatures vanquished.

Notes
Turn   | Place    | Note
-------+----------+-------------------------------------------
     0 | D:1      | Mrkan the Deep Dwarf Fighter began the quest for the Orb.
     0 | D:1      | Reached XP level 1. HP: 20/20 MP: 1/1
    69 | D:1      | Reached XP level 2. HP: 17/27 MP: 2/2
   225 | D:1      | You fall into a shaft and drop 1 floor!
   580 | D:2      | Found a white marble altar of Elyvilon.
   589 | D:2      | Became a worshipper of Elyvilon the Healer
   653 | D:2      | Reached XP level 3. HP: 33/33 MP: 3/3
   842 | D:3      | Found a runed translucent door.
   843 | D:3      | Noticed Crazy Yiuf
   871 | D:3      | Reached XP level 4. HP: 41/42 MP: 4/4
  1011 | D:3      | Found a glowing drain.
  1020 | D:3      | Reached skill level 4 in Shields
  1026 | Sewer    | Entered a sewer
  1078 | Sewer    | Noticed a crocodile
  1079 | Sewer    | Reached * piety under Elyvilon
  1087 | Sewer    | Slain by a crocodile

Levels and vault maps discovered:
D:1:      scummos_arrival_gate, layout_rooms
D:2:      layout_basic, elyvilon_altar_3, grunt_decor_fettered, uniq_sigmund
D:3:      layout_basic, old_standard_altar, zin_scriptorium,
          gup_sewer_entry_pipe, first_ration, uniq_crazy_yiuf_cottage
Sewer:    sewer_the_crocodile

Skill      XL: |  1  2  3  4 |
---------------+-------------+-----
Axes           | 3 |  3.7
Fighting       | 3 |  3.2
Shields        | 4 |  4.0
Armour         | |  3.9

Action                   |  1- 3 |  4- 6 || total
-------------------------+-------+-------++-------
Melee: War axe           |    95 |    46 ||   141
 Abil: Heal Wounds       |     1 |       ||     1
  Eat: Chunk             |       |     1 ||     1
Armor: Scale mail        |    61 |    34 ||    95
Dodge: Dodged            |    25 |    22 ||    47
Block: Shield            |    49 |    49 ||    98
